 Dungeon Crawl Stone Soup version 0.22-a0-460-g49b1da7 (webtiles) character file.

107 KaelMatrea the Skirmisher (level 4, -10/60 HPs)
             Began as a Draconian Berserker on June 9, 2018.
             Was a Believer of Trog.
             Mangled by Blork the orc
             ... wielding a +0 scimitar
              (12 damage)
             ... on level 4 of the Dungeon.
             The game lasted 00:17:58 (2450 turns).

KaelMatrea the Skirmisher (Draconian Berserker)     Turns: 2450, Time: 00:17:59

Health: -10/60     AC:  7    Str: 23 (25) XL:     4   Next: 57%
Magic:  3/3        EV: 13    Int:  5 (7)  God:    Trog [**....]
Gold:   175        SH:  0    Dex:  8 (11) Spells: 3/3 levels left

rFire    . . .     SeeInvis .   q - +0 trident
rCold    . . .     Gourm    .   (no shield)
rNeg     . . .     Faith    .   (armour unavailable)
rPois    .         Spirit   .   (helmet restricted)
rElec    .         Reflect  .   A - +0 cloak
rCorr    .         Harm     .   (no gloves)
MR       .....                  n - +0 pair of boots
Stlth    ..........             (no amulet)
HPRegen  0.20/turn              (no ring)
MPRegen  0.08/turn              (no ring)

@: berserking, very quick
A: unfitting armour, low mp 1, sense surroundings 1, cold-blooded, MP-powered
wands, AC +5
a: Berserk, Trog's Hand, Renounce Religion


You were on level 4 of the Dungeon.
You worshipped Trog.
Trog was pleased with you.
You were not hungry.

You visited 1 branch of the dungeon, and saw 5 of its levels.

You collected 175 gold pieces.

Inventory:

Hand Weapons
 a - a +0 falchion
 h - a +0 hunting sling
 i - a +0 dagger
 j - a +0 vampiric hand axe
 m - a +0 whip
 q - a +0 trident (weapon)
 w - a +0 blowgun
Missiles
 o - 34 poisoned needles
 v - 4 poisoned javelins (quivered)
 y - 23 bolts
Armour
 n - a +0 pair of boots (worn)
 z - a +0 ring mail
 A - a +0 cloak (worn)
Wands
 t - a wand of disintegration (15)
 x - a wand of clouds (5)
Scrolls
 c - a scroll of amnesia {unknown}
 f - 2 scrolls of enchant weapon {unknown}
 g - 5 scrolls of remove curse {unknown}
 r - a scroll of teleportation {unknown}
 s - a scroll of identify {unknown}
Potions
 d - a potion of curing
 e - a potion of heal wounds {unknown}
 l - a potion of degeneration
 p - a potion of haste {unknown}
 u - a potion of magic {unknown}
Comestibles
 b - 4 rations


   Skills:
 + Level 4.2 Fighting
 - Level 3.7 Long Blades
 * Level 1.2 Polearms
 + Level 3.4 Dodging
 + Level 0.2 Stealth


You had 3 spell levels left.
You didn't know any spells.
Your spell library was empty.

Dungeon Overview and Level Annotations

Branches:
Dungeon (5/15)
 Temple: D:4-7

Altars:
Wu Jian
The Shining One

Annotations:
D:4 Blork the orc


Innate Abilities, Weirdness & Mutations

Your plain brown scales are hard. (AC +5)
You cannot fit into any form of body armour.
You are cold-blooded and may be slowed by cold attacks.
Your magical capacity is low. (-10% MP)
You passively map a small area around you.
You expend magic power (3 MP) to strengthen your wands.


Message History

Blork the orc barely misses you. Blork the orc hits you with a scimitar.
* * * LOW HITPOINT WARNING * * *
You climb upwards.
You hear the sound of rushing water.
There is an entrance to a sewer on this level.
Hurry and find it before the portal rusts away!
There is a stone staircase leading down, spattered with blood here.
A red film seems to cover your vision as you go berserk!
You feel yourself moving faster!
You feel mighty!
You feel a lot more hungry. Blork the orc hits you with a scimitar.
* * * LOW HITPOINT WARNING * * *
You impale Blork the orc!!
Blork the orc is severely wounded.
Blork the orc closely misses you.
You barely miss Blork the orc.
Blork the orc is severely wounded.
Blork the orc barely misses you.
You puncture Blork the orc!
Blork the orc is almost dead.
Blork the orc hits you with a scimitar!
You die...

#........##..#.#....#
* ,
#........##..#.#....#*
#.........#.........#
* *
#######.....#.......#
* #.#.#.#.......#####
, #.#.......)........
, * * *
#.#...###.###.#####
#.#...#.(.#* #
,#.#.o@#(#.....# * *
+#.#.###(#.####...
........# #.#.# * *
,.....#### #.#.### ,
,* .... * #.#...# , *
, ... ,,,,,#.###.# *##
** *#.##.....###### *
#.............# ,
######.....##.#


You could see Blork the orc.

Vanquished Creatures
  A hound (D:4)
  2 adders
  3 worms
  A dart slug (D:3)
  A leopard gecko (D:3)
  An orc (D:3)
  A ball python (D:3)
  3 giant cockroaches
  4 hobgoblins
  7 jackals
  9 kobolds
  4 bats
  4 frilled lizards
  3 goblins
  8 rats
52 creatures vanquished.

Notes
Turn   | Place    | Note
-------+----------+-------------------------------------------
     0 | D:1      | KaelMatrea the Draconian Berserker began the quest for the Orb.
     0 | D:1      | Reached XP level 1. HP: 19/19 MP: 1/1
   436 | D:1      | Reached XP level 2. HP: 25/26 MP: 2/2
  1409 | D:2      | Reached XP level 3. HP: 33/33 MP: 3/3
  1665 | D:3      | Found a glowing golden altar of the Shining One.
  1681 | D:3      | Found an ornate altar of the Wu Jian Council.
  1690 | D:3      | Reached skill level 4 in Fighting
  1735 | D:3      | Reached ** piety under Trog
  1964 | D:3      | Reached XP level 4. HP: 35/40 MP: 4/4
  2228 | D:4      | Reached skill level 1 in Polearms
  2283 | D:4      | Gained mutation: Your magical capacity is low. (-10% MP) [potion of mutation]
  2283 | D:4      | Gained mutation: You passively map a small area around you. [potion of mutation]
  2283 | D:4      | Gained mutation: You expend magic power (3 MP) to strengthen your wands. [potion of mutation]
  2423 | D:4      | Noticed Blork the orc
  2444 | D:5      | Entered Level 5 of the Dungeon
  2447 | D:4      | HP: 2/60 [Blork the orc/scimitar (5)]
  2450 | D:4      | Mangled by Blork the orc

Vault maps used:
D:1:      tarquinn_simple_flora_water_f, serial_bayou_lagoon_a,
          minmay_misc_feat_iff, minmay_strange_pillars, skrybe_limestone_x,
          minmay_unequal
D:2:      hangedman_decor_push
D:3:      lemuel_doored_altar, lemuel_crystal_altar, corexii_corridor_pit
D:4:      overflow_temple_1_default, gup_sewer_entry_pipe, okawaru_gym_becter,
          uniq_blork_the_orc
D:5:      cheibrodos_ashenzari_chains, kennysheep_little_box,
          minmay_overflow_temple_star_quad, serial_shops,
          nicolae_shop_statue_plus, first_ration

Skill      XL: |  1  2  3  4 |
---------------+-------------+-----
Dodging        | 3 |  3.4
Fighting       | 4 |  4.2
Polearms       | 1 |  1.2
Long Blades    | |  3.7
Stealth        | |  0.2

Action                   |  1- 3 |  4- 6 || total
-------------------------+-------+-------++-------
Melee: Falchion          |   113 |       ||   113
       Tailslap          |    16 |     4 ||    20
       Trident           |     2 |    32 ||    34
Invok: Berserk           |     3 |     2 ||     5
  Use: Potion            |       |     3 ||     3
  Eat: Ration            |     1 |     1 ||     2
       Chunk             |     3 |       ||     3
Armor: Skin              |    31 |    13 ||    44
Dodge: Dodged            |    70 |    23 ||    93
       Rpst.: Falchion   |    18 |       ||    18

Table legend:
 A = Spawn XP
 B = Non-spawn XP
 C = Spawn XP percentage of total XP
 D = Spawn monster count
 E = Non-spawn monster count
 F = Spawn count percentage of total count
 G = Total turns spent on level
                    A         B        C        D         E        F      G
               +---------+---------+-------+---------+---------+-------+---------
         Total |       0 |     154 |   0.0 |       0 |      52 |   0.0 |  2450
               +---------+---------+-------+---------+---------+-------+---------
           D:1 |       0 |      17 |   0.0 |       0 |      13 |   0.0 |   971
           D:2 |       0 |      27 |   0.0 |       0 |       7 |   0.0 |   464
           D:3 |       0 |      60 |   0.0 |       0 |      27 |   0.0 |   783
           D:4 |       0 |      50 |   0.0 |       0 |       5 |   0.0 |   230
               +---------+---------+-------+---------+---------+-------+---------
